 Dungeon Crawl Stone Soup version 0.25-a0-36-g303dd5b1f4 (webtiles) character file.

Game seed: 7612532662975599306, levelgen mode: deterministic

61169 Fingolfin the Archer (level 14, 0/126 HPs)
             Began as a Deep Dwarf Fighter on Oct 20, 2019.
             Was the Champion of Makhleb.
             Slain by an orc warrior
             ... wielding a +0 dire flail
              (7 damage)
             ... on level 2 of the Orcish Mines.
             The game lasted 01:06:18 (19255 turns).

Fingolfin the Archer (Deep Dwarf Fighter)          Turns: 19255, Time: 01:06:21

Health: 0/126      AC: 24    Str: 25    XL:     14   Next: 59%
Magic:  17/17      EV:  7    Int: 12    God:    Makhleb [******]
Gold:   1857       SH:  0    Dex: 12    Spells: 13/13 levels left

rFire    . . .     SeeInvis .   a - +7 battleaxe (flame)
rCold    + . .     Gourm    .   (shield currently unavailable)
rNeg     + . .     Faith    +   K - +8 orange crystal plate armour {Archmagi, Int+3 Clar}
rPois    +         Spirit   .   i - +2 hat
rElec    .         Reflect  .   J - +2 cloak
rCorr    .         Harm     .   (no gloves)
MR       ++...     Clarity  +   (no boots)
Stlth    ..........             B - amulet of faith
HPRegen  0.00/turn              s - ring of protection from cold
MPRegen  0.15/turn              v - ring of poison resistance

@: corroded, non-regenerating
A: damage resistance, heal wounds, negative energy resistance 1, sense
surroundings 2, no regeneration
a: Heal Wounds, Minor Destruction, Lesser Servant of Makhleb, Major Destruction,
Greater Servant of Makhleb, Renounce Religion


You were on level 2 of the Orcish Mines.
You worshipped Makhleb.
Makhleb was exalted by your worship.
You were hungry.

You visited 3 branches of the dungeon, and saw 18 of its levels.

You collected 2258 gold pieces.
You spent 401 gold pieces at shops.

Inventory:

Hand Weapons
 a - a +7 battleaxe of flaming (weapon)
 b - the +8 longbow "Zephyr" {speed, Dex+3 SInv}
   (You found it on level 9 of the Dungeon)

   Attacks with this weapon are significantly faster.
   It affects your dexterity (+3).
   It lets you see invisible.
 L - a +0 battleaxe
Missiles
 t - 108 arrows
 Q - 3 stones (quivered)
Armour
 c - a +0 shield
 i - a +2 hat (worn)
 J - a +2 cloak (worn)
 K - the +8 orange crystal plate armour (worn) {Archmagi, Int+3 Clar}
   (You found it on level 7 of the Dungeon)

   It affects your intelligence (+3).
   It protects you against confusion.
Jewellery
 s - a ring of protection from cold (left hand)
 v - a ring of poison resistance (right hand)
 B - an amulet of faith (around neck)
 E - a +4 ring of dexterity
 O - an uncursed amulet of the gourmand {unknown}
 P - an uncursed amulet of the acrobat {unknown}
 R - an uncursed amulet of the gourmand {unknown}
 U - an uncursed ring of positive energy
Wands
 j - a wand of scattershot (4)
 A - a wand of flame (61)
 G - a wand of digging (4)
 H - a wand of polymorph (12)
 N - a wand of iceblast (7)
 T - a wand of clouds (5)
Scrolls
 e - 8 scrolls of remove curse
 g - 10 scrolls of teleportation
 m - 2 scrolls of holy word {unknown}
 q - a scroll of random uselessness {unknown}
 r - 5 scrolls of fear
 w - 5 scrolls of blinking
 y - a scroll of fog
 z - 3 scrolls of magic mapping
 I - a scroll of immolation
 M - 2 scrolls of amnesia
 S - 2 scrolls of summoning
Potions
 f - 4 potions of might
 h - 2 potions of haste
 k - 3 potions of lignification {unknown}
 l - 7 potions of curing
 n - 3 potions of brilliance
 o - 3 potions of degeneration {unknown}
 p - 3 potions of mutation
 x - 4 potions of flight {unknown}
 C - a potion of heal wounds
 D - 4 potions of magic {unknown}
 F - 2 potions of agility {unknown}
Comestibles
 d - 35 rations


   Skills:
 - Level 8.0 Fighting
 - Level 10.1 Axes
   Level 6.0 Slings
 - Level 14.0 Bows
 - Level 8.0 Armour
 - Level 6.0 Dodging
 - Level 6.4 Shields
 + Level 6.6 Invocations
 - Level 8.1 Evocations


You had 13 spell levels left.
You didn't know any spells.
Your spell library contained the following spells:

 Spells                   Type           Power        Failure   Level  Hunger
 Confusing Touch          Hex            #.....       100%        1    ##.....
 Sandblast                Erth           #.....       100%        1    ##.....
 Passwall                 Tmut/Erth      #.......     100%        2    ###....
 Poisonous Vapours        Pois/Air       #.....       100%        2    ###....
 Confuse                  Hex            #.......     100%        3    ####...
 Conjure Flame            Conj/Fire      #.......     100%        3    ####...
 Gell's Gravitas          Tloc           #.........   100%        3    ####...
 Mephitic Cloud           Conj/Pois/Air  #.......     100%        3    ####...
 Stone Arrow              Conj/Erth      #.....       100%        3    ####...
 Ice Form                 Ice/Tmut       #.......     100%        4    #####..
 Petrify                  Tmut/Erth      #.......     100%        4    #####..
 Irradiate                Conj/Tmut      #.........   100%        5    ######.
 Lee's Rapid Deconstruct  Erth           #.........   100%        5    ######.
 Metabolic Englaciation   Hex/Ice        #.........   100%        5    ######.
 Yara's Violent Unravell  Hex/Tmut       #.........   100%        5    ######.
 Bolt of Cold             Conj/Ice       #.........   100%        6    #######
 Freezing Cloud           Conj/Ice/Air   #.........   100%        6    #######
 Hydra Form               Tmut           #.........   100%        6    #######
 Ozocubu's Refrigeration  Ice            #.........   100%        6    #######
 Simulacrum               Ice/Necr       #.........   100%        6    #######
 Statue Form              Tmut/Erth      #........    100%        6    #######
 Dragon Form              Tmut           #.........   100%        7    #######
 Ring of Flames           Chrm/Fire      #.........   100%        7    #######


Dungeon Overview and Level Annotations

Branches:
Dungeon (10/15)            Temple (0/1) D:7            Lair (6/6) D:8
  Swamp (0/4) Lair:3       Spider (0/4) Lair:2        Slime (0/5) Lair:6
    Orc (2/2) D:10            Elf (0/3) Orc:2

Altars:
Dithmenos
Fedhas
Hepliaklqana
Makhleb
Nemelex Xobeh
Qazlal
Trog
Vehumet
Wu Jian
Yredelemnul
Jiyva

Shops:
D:4 =(*(


Innate Abilities, Weirdness & Mutations

You are resistant to damage.
You can heal yourself by infusing magical energy.
You resist negative energy. (rN+)
You passively map the area around you.
You do not regenerate.


Message History

* * * LOW HITPOINT WARNING * * *
You slash the orc warrior! You burn the orc warrior.
The orc warrior is almost dead.
You hit the orc warrior. You burn the orc warrior.
You kill the orc warrior!
Makhleb accepts your kill.
You feel better.
You closely miss the orc.
Your orange crystal plate armour prevents you from hitting the orc.
You hit the rust devil but do no damage.
The orc high priest hits your orange demon with a cursed -1 war axe!
The orc high priest closely misses your hellwing.
Your orange demon stings the orc high priest!
The orc high priest looks as sick as possible!
Your orange demon poisons the orc high priest!
Your orange demon hits the orc high priest.
The orc high priest looks weaker.
Your hellwing hits the orc high priest! Your hellwing hits the orc high priest.
The orc hits you but does no damage. The rust devil barely misses you.
The orc hits you but does no damage.
The orc warrior hits you with a +0 dire flail!
You die...

..................## # *
...................## ###.....##
....................####.........
....................##...........
....................#............
................[4..#.#.#.#.#.#.#
..#..#..........)o[....(.........
.....#..........43..((.(.........
................@o3(..(..........
...#...........oo4..#.#.#)#.#.#.#
#.#.................#............
#...................##...........
....................####.........
#...................# ###.....##
....................# #######
#....#..........#.######
##...#.............#.#.##


You could see an orc high priest, a rust devil, 2 smoke demons, an orc warrior,
2 orcs, a friendly orange demon and a friendly hellwing.

Vanquished Creatures
  A fire dragon (Lair:6)
  An ettin (Orc:2)
  2 hydras (Lair:6)
  A catoblepas (Lair:4)
  Erica (D:9)
  Harold (D:10)
  3 two-headed ogres (Orc:2)
  An ogre mage (Orc:2)
  4 death yaks
  An orc high priest (Orc:2)
  A swamp dragon (Lair:6)
  2 orc knights (Orc:2)
  Pikel (D:9)
  The ghost of anything the Covert, a novice OpAs (D:7)
  A lindwurm (Lair:4)
  2 manticores
  A wolf spider (Lair:6)
  An elephant (Lair:4)
  12 spiny frogs
  A guardian serpent (Lair:6)
  9 black mambas
  8 rime drakes
  15 komodo dragons
  3 trolls
  A queen bee (Lair:4)
  A jumping spider (Lair:2)
  Prince Ribbit (D:9)
  3 meliai (Lair:4)
  6 polar bears
  7 hippogriffs
  4 hornets
  10 blink frogs
  4 redbacks (Lair:6)
  24 yaks
  A hog (D:9)
  7 basilisks
  11 wyverns
  Menkaure (D:7)
  A steam dragon (Lair:6)
  A warg (Orc:2)
  22 water moccasins
  Duvessa (D:6)
  2 soldier ants
  2 sky beasts
  14 porcupines
  21 orc warriors
  3 swamp drakes (Lair:6)
  4 slaves (D:9)
  9 black bears
  15 ogres
  A phantom (D:4)
  An ice beast (D:7)
  2 necrophages (D:7)
  4 boggarts (Lair:4)
  2 centaurs
  14 wolves
  10 crocodiles
  7 bullfrogs
  A gnoll sergeant (D:6)
  A scorpion (D:8)
  A water moccasin skeleton (D:4)
  Dowan (D:6)
  36 killer bees
  8 wights
  5 howler monkeys (D:7)
  An electric eel (Lair:1)
  7 crimson imps
  A centaur zombie (D:10)
  5 hounds
  Crazy Yiuf (D:6)
  24 orc priests
  3 bullfrog skeletons
  15 orc wizards
  2 hell rats (Lair:4)
  8 iguanas
  4 worker ants
  9 gnolls (D:6)
  A howler monkey skeleton (D:8)
  11 adders
  A shadow imp (D:5)
  An adder zombie (D:3)
  3 adder skeletons
  3 worms
  A dart slug (D:3)
  3 leopard geckos
  65 orcs
  A ball python (D:4)
  10 giant cockroaches
  9 goblins
  8 hobgoblins
  6 jackals
  8 kobolds
  5 quokkas
  7 bats
  9 frilled lizards
  A quokka zombie (D:5)
  12 rats
  4 fungi
  9 plants
602 creatures vanquished.

Vanquished Creatures (collateral kills)
  Rupert (Lair:4)
  2 hydras
  A wolf spider (Lair:2)
  An elephant (Lair:4)
  A rime drake (Lair:4)
  A redback (Lair:2)
  A wyvern (Lair:4)
  An orc warrior (Orc:2)
  3 wolves (Lair:4)
  5 killer bees (Lair:4)
  An adder skeleton (D:7)
  2 orcs (Orc:2)
20 creatures vanquished.

Vanquished Creatures (others)
  A rat (D:3)
  8 fungi
  16 plants
25 creatures vanquished.

Grand Total: 647 creatures vanquished

Notes
Turn   | Place    | Note
-------+----------+-------------------------------------------
     0 | D:1      | Fingolfin the Deep Dwarf Fighter began the quest for the
                  | Orb.
     0 | D:1      | Reached XP level 1. HP: 20/20 MP: 1/1
   230 | D:1      | Reached XP level 2. HP: 27/27 MP: 2/2
  1009 | D:2      | Reached XP level 3. HP: 29/33 MP: 3/3
  1017 | D:2      | Found a burning altar of Makhleb.
  1023 | D:2      | Became a worshipper of Makhleb the Destroyer
  1085 | D:2      | Found a sparkling altar of Nemelex Xobeh.
  1316 | D:2      | Found a blossoming altar of Fedhas.
  1500 | D:3      | Reached XP level 4. HP: 33/40 MP: 4/4
  1555 | D:3      | Reached * piety under Makhleb
  1555 | D:3      | Reached skill level 5 in Axes
  1624 | D:3      | Found a radiant altar of Vehumet.
  2072 | D:3      | Noticed a centaur
  2083 | D:3      | Killed a centaur
  2083 | D:3      | Reached XP level 5. HP: 26/46 MP: 5/5
  2705 | D:4      | Found Qigedwuc's Weapon Boutique.
  2733 | D:4      | Found Xanobru's General Store.
  2738 | D:4      | Bought a scroll of teleportation for 42 gold pieces
  2738 | D:4      | Bought a potion of heal wounds for 70 gold pieces
  2738 | D:4      | Bought a scroll of remove curse for 42 gold pieces
  2782 | D:4      | Bought a +0 hunting sling of flaming for 65 gold pieces
  2848 | D:4      | Found Hoopuj's Antique Weapon Shoppe.
  2858 | D:4      | Reached ** piety under Makhleb
  2874 | D:4      | Reached XP level 6. HP: 20/56 MP: 6/6
  3395 | D:4      | Found a basalt altar of Yredelemnul.
  3405 | D:4      | Reached skill level 5 in Fighting
  3486 | D:4      | Found Ivediy Woepn's Jewellery Boutique.
  3592 | D:5      | Entered Level 5 of the Dungeon
  3628 | D:5      | Reached XP level 7. HP: 54/67 MP: 6/6
  3737 | D:5      | Noticed a hippogriff
  3757 | D:5      | Killed a hippogriff
  3860 | D:5      | Found a bloodstained altar of Trog.
  3991 | D:5      | Reached skill level 1 in Slings
  3991 | D:5      | Reached skill level 1 in Dodging
  4407 | D:6      | Found a runed translucent door.
  4408 | D:6      | Noticed Crazy Yiuf
  4416 | D:6      | Killed Crazy Yiuf
  4455 | D:6      | Noticed Duvessa
  4455 | D:6      | Noticed Dowan
  4469 | D:6      | Killed Dowan
  4469 | D:6      | Reached XP level 8. HP: 64/76 MP: 7/7
  4476 | D:6      | Killed Duvessa
  4692 | D:6      | Found a shadowy altar of Dithmenos.
  4889 | D:6      | Reached *** piety under Makhleb
  5353 | D:7      | Found a stormy altar of Qazlal.
  5355 | D:7      | Found the +8 orange crystal plate armour {Archmagi, Int+3
                  | Clar}
  5477 | D:7      | Reached skill level 5 in Armour
  5479 | D:7      | Reached skill level 5 in Slings
  5479 | D:7      | Reached skill level 5 in Shields
  5496 | D:7      | Gained mutation: You passively map the area around you.
                  | [Deep Dwarf growth]
  5496 | D:7      | Reached XP level 9. HP: 70/82 MP: 7/7
  5528 | D:7      | Found a staircase to the Ecumenical Temple.
  5584 | D:7      | Found a transporter.
  5588 | D:7      | Found a transporter.
  5589 | D:7      | Noticed anything's ghost (novice OpAs)
  5700 | D:7      | Killed anything's ghost
  5774 | D:7      | Noticed Menkaure
  5791 | D:7      | Killed Menkaure
  6217 | D:7      | Got a spiked scale mail
  6228 | D:7      | Identified the +4 scale mail of the World {Dex+6} (You
                  | found it on level 7 of the Dungeon)
  6301 | D:8      | Reached skill level 5 in Invocations
  6305 | D:8      | Found a staircase to the Lair.
  6333 | D:8      | Reached **** piety under Makhleb
  6473 | D:8      | Reached XP level 10. HP: 91/91 MP: 12/12
  7264 | D:9      | Found a huge runed translucent gate.
  7265 | D:9      | Found a huge runed translucent gate.
  7269 | D:9      | Found a huge runed translucent gate.
  7269 | D:9      | Found a huge runed translucent gate.
  7269 | D:9      | Noticed a manticore
  7344 | D:9      | Reached skill level 10 in Axes
  7374 | D:9      | Killed a manticore
  7519 | D:9      | Noticed Erica
  7550 | D:9      | Killed Erica
  7719 | D:9      | Found the +8 longbow "Zephyr" {speed, Dex+3 SInv}
  7735 | D:9      | Reached XP level 11. HP: 70/103 MP: 12/12
  7740 | D:9      | Reached ***** piety under Makhleb
  7740 | D:9      | Reached skill level 5 in Dodging
  8407 | D:4      | Bought a glowing war axe for 182 gold pieces
  8532 | Lair:1   | Entered Level 1 of the Lair of Beasts
  8967 | Lair:1   | Reached skill level 5 in Evocations
  9252 | Lair:1   | Reached skill level 1 in Bows
  9729 | Lair:2   | Reached skill level 2 in Bows
  9901 | Lair:2   | Reached skill level 3 in Bows
 10027 | Lair:2   | Noticed a seven-headed hydra
 10038 | Lair:2   | Killed a three-headed hydra
 10038 | Lair:2   | Reached skill level 4 in Bows
 10122 | Lair:2   | Noticed a wolf spider
 10141 | Lair:2   | Killed a wolf spider
 10263 | Lair:2   | Found a hole to the Spider Nest.
 10420 | Lair:2   | Reached skill level 5 in Bows
 10420 | Lair:2   | Reached XP level 12. HP: 104/110 MP: 15/15
 11030 | Lair:3   | You fall into a shaft and drop 3 floors!
 11030 | Lair:6   | Entered Level 6 of the Lair of Beasts
 11037 | Lair:6   | Found a staircase to the Slime Pits.
 11041 | Lair:6   | Found a viscous altar of Jiyva.
 11054 | Lair:5   | Reached skill level 6 in Bows
 11073 | Lair:5   | Noticed a death yak
 11073 | Lair:5   | Noticed a death yak
 11073 | Lair:5   | Noticed a death yak
 11193 | Lair:5   | Killed a death yak
 11220 | Lair:5   | Killed a death yak
 11220 | Lair:5   | Reached skill level 7 in Bows
 11231 | Lair:5   | Killed a death yak
 11406 | Lair:3   | Found a staircase to the Swamp.
 11805 | Lair:4   | Reached skill level 8 in Bows
 12009 | Lair:4   | Noticed Rupert
 12040 | Lair:4   | Paralysed by Rupert for 5 turns
 12041 | Lair:4   | Killed Rupert
 12041 | Lair:4   | Reached skill level 9 in Bows
 12271 | Lair:4   | Noticed a catoblepas
 12282 | Lair:4   | Killed a catoblepas
 12635 | Lair:4   | Reached XP level 13. HP: 100/117 MP: 16/16
 12774 | Lair:4   | Reached skill level 10 in Bows
 13292 | Lair:4   | Reached ****** piety under Makhleb
 14033 | Lair:5   | Reached skill level 11 in Bows
 14793 | Lair:6   | Reached skill level 12 in Bows
 15865 | Lair:6   | Gained mutation: You resist negative energy. (rN+) [Deep
                  | Dwarf growth]
 15865 | Lair:6   | Reached XP level 14. HP: 125/126 MP: 17/17
 16748 | D:9      | Noticed Prince Ribbit
 16774 | D:9      | Noticed Pikel
 16783 | D:9      | Killed Pikel
 17014 | D:9      | Found an ornate altar of the Wu Jian Council.
 17058 | D:9      | Reached skill level 13 in Bows
 17168 | D:9      | Killed Prince Ribbit
 17352 | D:10     | Entered Level 10 of the Dungeon
 17372 | D:10     | Found a hazy altar of Hepliaklqana.
 17537 | D:10     | Noticed Harold
 17553 | D:10     | Killed Harold
 17822 | D:10     | Found a staircase to the Orcish Mines.
 18224 | Orc:1    | Entered Level 1 of the Orcish Mines
 18625 | Orc:2    | Entered Level 2 of the Orcish Mines
 18697 | Orc:2    | Found a staircase to the Elven Halls.
 18912 | Orc:2    | HP: 6/126 [orc priest/divine providence (8)]
 18966 | Orc:2    | Reached skill level 14 in Bows
 19249 | Orc:2    | HP: 2/126 [orc knight/+3 great mace of holy wrath (13)]
 19254 | Orc:2    | HP: 3/126 [smoke demon/divine providence[an orc high
                  | priest] (6)]
 19255 | Orc:2    | Slain by an orc warrior

Levels and vault maps discovered:
D:1:      eino_arrival_tree_alley, layout_basic
D:2:      layout_rooms, nemelex_xobeh_ov_fountains_minmay, lemuel_round_altar,
          first_ration, fedhas_altar_3, uniq_sigmund
D:3:      minmay_evil_eye, layout_loops_corners, fiery_altar_vehumet
D:4:      layout_cave_pods, kennysheep_mini_moat, serial_shops, shop,
          shop_statue, kennysheep_little_box, shop
D:5:      layout_gridville, trog_three_pillars_becter
D:6:      layout_loops_ring, nicolae_dithmenos_shadow_blocks,
          kennysheep_generic_room_8, uniq_crazy_yiuf_cottage, uniq_duvessa
D:7:      layout_loops_ring, minmay_temple_entry_wispy, gammafunk_ghost_arena,
          nicolae_qazlal_general_emergency, uniq_menkaure
D:8:      layout_cave_pods, due_lair_maze_entry_diamond
D:9:      lemuel_bear_cage, layout_irregular_city,
          nicolae_overflow_crystal_walls, minmay_misc_feat_room,
          hangedman_pestilent_swarm, uniq_erica, uniq_pikel, uniq_prince_ribbit1
D:10:     layout_long_grid, erik_orc_3, basic_altar, uniq_harold
Lair:1:   layout_long_grid, grunt_megastairs_1, serial_bayou_shore_b,
          infiniplex_staircase_pool
Lair:2:   layout_cave_shapes, spider_nest_entry_funnel_web,
          serial_bayou_lagoon_a
Lair:3:   layout_gridlike, minmay_swamp_entry_worms
Lair:4:   regret_index_wax_grids, layout_regular_city, kilobyte_rumbling_trees,
          uniq_rupert
Lair:5:   layout_misc_corridors, st_stairs_9, chequers_serial_rivers_room_a,
          infiniplex_staircase_pool_2
Lair:6:   hangedman_lair_tendril_chambers, layout_regular_city,
          guppyfry_lair_end_dragon, slime_altar_1
Orc:1:    layout_caves
Orc:2:    st_orc_pillars, layout_diamond_mine, nicolae_orc_sculptors_studio

Skill      XL: |  1  2  3  4  5  6  7  8  9 10 11 12 13 14 |
---------------+-------------------------------------------+-----
Axes           | 3 4 6 8 10 | 10.1
Fighting       | 3 5 6 8 |  8.0
Slings         | 2 5 6 |  6.0
Dodging        | 1 3 4 6 |  6.0
Armour         | 5 6 7 8 |  8.0
Shields        | 5 6 |  6.4
Invocations    | 6 |  6.6
Evocations     | 3 8 |  8.1
Bows           | 5 9 12 14 | 14.0

Action                   |  1- 3 |  4- 6 |  7- 9 | 10-12 | 13-15 || total
-------------------------+-------+-------+-------+-------+-------++-------
Melee: War axe           |   137 |   177 |   341 |   761 |    55 ||  1471
       Scimitar          |       |       |       |     5 |       ||     5
       Battleaxe         |       |       |       |       |   443 ||   443
 Fire: Hunting sling     |       |    48 |    48 |    57 |       ||   153
       Longbow           |       |       |       |   148 |   293 ||   441
Invok: Minor Destruction |       |       |     1 |       |       ||     1
       Lesser Servant of |       |       |     1 |     8 |     4 ||    13
 Abil: Heal Wounds       |       |     1 |     1 |     8 |    11 ||    21
Evoke: Wand              |       |       |       |     2 |       ||     2
  Use: Scroll            |       |       |     5 |     4 |    15 ||    24
 Stab: Distracted        |       |       |       |     5 |       ||     5
  Eat: Chunk             |     2 |     7 |    10 |    17 |    18 ||    54
       Ration            |       |       |       |     1 |     1 ||     2
Armor: Scale mail        |    24 |       |       |       |       ||    24
       Chain mail        |    52 |    81 |    57 |       |       ||   190
       Crystal plate arm |       |       |   221 |   850 |   595 ||  1666
Dodge: Dodged            |    32 |    21 |    58 |   261 |   319 ||   691
Block: Shield            |    78 |    79 |   233 |   462 |       ||   852

Table legend:
 A = Non-vault XP
 B = Vault XP
 C = Vault XP percentage of total XP
 D = Non-vault monster count
 E = Vault monster count
 F = Vault count percentage of total count
                 A         B        C        D         E       F
            +---------+---------+-------+---------+---------+-------
      Total |   44580 |   42805 |  49.0 |     378 |     227 |  37.5
            +---------+---------+-------+---------+---------+-------
        D:1 |      35 |       0 |   0.0 |      20 |       0 |   0.0
        D:2 |      61 |       0 |   0.0 |      20 |       0 |   0.0
        D:3 |     182 |       5 |   2.7 |      25 |       3 |  10.7
        D:4 |     435 |       0 |   0.0 |      29 |       0 |   0.0
        D:5 |     621 |       0 |   0.0 |      12 |       0 |   0.0
        D:6 |     407 |     261 |  39.1 |      18 |       3 |  14.3
        D:7 |    1160 |    1008 |  46.5 |      25 |       6 |  19.4
        D:8 |    1068 |    1197 |  52.8 |      19 |      11 |  36.7
        D:9 |    1645 |    5631 |  77.4 |      24 |      22 |  47.8
       D:10 |    2347 |    1471 |  38.5 |      21 |      17 |  44.7
     Lair:1 |    2995 |    1178 |  28.2 |      12 |       4 |  25.0
     Lair:2 |    6293 |     630 |   9.1 |      30 |       3 |   9.1
     Lair:3 |    2542 |       0 |   0.0 |      11 |       0 |   0.0
     Lair:4 |    4764 |   11822 |  71.3 |      20 |      58 |  74.4
     Lair:5 |    6016 |     561 |   8.5 |      19 |       2 |   9.5
     Lair:6 |    5836 |   15281 |  72.4 |      18 |      56 |  75.7
      Orc:1 |    2052 |       0 |   0.0 |      36 |       0 |   0.0
      Orc:2 |    6121 |    3760 |  38.1 |      19 |      42 |  68.9
            +---------+---------+-------+---------+---------+-------
